 Dungeon Crawl Stone Soup version 0.30-a0-1008-g30c9307041 (webtiles) character file.

Game seed: 12073506283898858545

178 Ihaveafatcat the Chopper (level 5, -2/47 HPs)
             Began as a Hill Orc Fighter on Apr 5, 2023.
             Was an Initiate of Gozag.
             Slain by a water moccasin (4 damage)
             ... on level 5 of the Dungeon.
             The game lasted 00:03:57 (3081 turns).

Ihaveafatcat the Chopper (Hill Orc Fighter)         Turns: 3081, Time: 00:03:58

Health: -2/47      AC:  7    Str: 21    XL:     5   Next: 58%
Magic:  5/5        EV:  9    Int:  8    God:    Gozag
Gold:   377        SH:  4    Dex: 10    Spells: 4/4 levels left

rFire   . . .      SeeInvis .    a - +0 war axe
rCold   . . .      Faith    .    c - +0 buckler
rNeg    . . .      Spirit   .    b - +0 scale mail
rPois   .          Reflect  .    (no helmet)
rElec   .          Rampage  .    (no cloak)
rCorr   .                        (no gloves)
Will    .....                    (no boots) Stlth
                                 (no amulet)
HPRegen 0.27/turn                (no ring)
MPRegen 0.09/turn                (no ring)

@: lethally poisoned (-2 -> -3)
A: no striking features
a: Renounce Religion, Potion Petition, Call Merchant, Bribe Branch


You were on level 5 of the Dungeon.
You worshipped Gozag.
Gozag was aware of your devotion.
You visited 1 branch of the dungeon, and saw 5 of its levels.

You collected 381 gold pieces.
You paid 4 gold pieces to Gozag.

Inventory:

Hand Weapons
 a - a +0 war axe (weapon)
Armour
 b - a +0 scale mail (worn)
 c - a +0 buckler (worn)
 e - an orb of light
Scrolls
 f - a scroll of immolation {unknown}
 h - a scroll of brand weapon {unknown}
 i - 2 scrolls of noise {unknown}
 j - a scroll of fog {unknown}
 k - a scroll of fear {unknown}
 l - 3 scrolls of identify {unknown}
 o - 2 scrolls of poison {unknown}
 q - a scroll of enchant armour {unknown}
 s - 2 scrolls of blinking {unknown}
 t - a scroll of vulnerability {unknown}
Potions
 d - 3 potions of might
 g - a potion of flight {unknown}
 m - 3 potions of magic {unknown}
 n - 2 potions of mutation {unknown}
 p - a potion of cancellation {unknown}
 r - a potion of heal wounds {unknown}
 u - a potion of lignification {unknown}
 v - 2 potions of invisibility {unknown}
 w - a potion of resistance {unknown}


   Skills:
 + Level 4.6 Fighting
 * Level 5.0 Axes
 + Level 4.1 Armour
 + Level 4.2 Shields


You had 4 spell levels left.
You didn't know any spells.
Your spell library contained the following spells:

 Spells                   Type           Power      Damage    Failure   Level
 Cigotuvi's Dreadful Rot  Necr/Pois/Air  0%         N/A       92%         2
 Ignite Poison            Fire/Tmut/Pois 0%         N/A       99%         3
 Freezing Cloud           Conj/Ice/Air   0%         6-21      100%        5


Dungeon Overview and Level Annotations

Branches:
Dungeon (4/15)
 Temple: D:4-7

Altars:
Gozag
Nemelex Xobeh


Message History

The water moccasin bites you. x2
A water moccasin is nearby!
You are too injured to fight recklessly!
A water moccasin is nearby!
You are too injured to fight recklessly!
A water moccasin is nearby!
You are too injured to fight recklessly!
A water moccasin is nearby!
You are too injured to fight recklessly!
You are too injured to fight recklessly!
You feel very sick. The water moccasin bites you.
You hit the water moccasin.
The water moccasin is lightly wounded.
You feel very sick. The water moccasin bites you.
* * * LOW HITPOINT WARNING * * *
The water moccasin barely misses you.
You miss the water moccasin.
The water moccasin is lightly wounded.
* * * LOW HITPOINT WARNING * * *
You feel sick.
The water moccasin bites you but does no damage.
You block the water moccasin's attack.
You slash the water moccasin!
The water moccasin is severely wounded.
* * * LOW HITPOINT WARNING * * *
You feel sick. You block the water moccasin's attack.
The water moccasin barely misses you.
You completely miss the water moccasin.
The water moccasin is severely wounded.
* * * LOW HITPOINT WARNING * * *
You feel sick. The water moccasin barely misses you.
The water moccasin misses you.
You slash the water moccasin!
The water moccasin is almost dead.
* * * LOW HITPOINT WARNING * * *
You feel sick. The water moccasin bites you.
You die...
Your body crumbles into a pile of gold.

##. ...####... ...
........ # #. #.#
#......###.# #.# #.
........#.###.# #.
.............###.#
#######..##..#..........
.......S$##..#.# #..##..
.......@.##..#.###..###.
.............#..........
##...........#.###..###.
#..................# #.
#.............###.## ##
#...............#.#
###.............#.#
#.............#.#
#.......##....#.#


You could see a water moccasin.

Vanquished Creatures
  2 hounds (D:5)
  An iguana (D:5)
  An adder (D:3)
  A worm (D:2)
  A dart slug (D:3)
  11 orcs
  4 ball pythons
  5 endoplasms
  9 goblins
  6 hobgoblins
  3 jackals (D:2)
  3 quokkas
  4 bats
  2 frilled lizards (D:1)
  7 kobolds
  3 rats
63 creatures vanquished.

Vanquished Creatures (others)
  3 fungi (D:3)
  4 plants (D:3)
7 creatures vanquished.

Grand Total: 70 creatures vanquished

Notes
Turn   | Place    | Note
-------+----------+-------------------------------------------
     0 | D:1      | Ihaveafatcat the Hill Orc Fighter began the quest for the
                  | Orb.
     0 | D:1      | Reached XP level 1. HP: 19/19 MP: 1/1
   256 | D:1      | Reached skill level 3 in Axes
   256 | D:1      | Reached XP level 2. HP: 27/27 MP: 2/2
  1117 | D:2      | Found an opulent altar of Gozag.
  1151 | D:2      | Became a worshipper of Gozag Ym Sagoz the Greedy
  1218 | D:2      | Reached XP level 3. HP: 27/33 MP: 3/3
  1988 | D:3      | Identified the +3 whip of Tumult {spect, rF+ rN++ MP-9
                  | Dex-2}
  1994 | D:3      | Reached skill level 4 in Axes
  1994 | D:3      | Reached XP level 4. HP: 40/40 MP: 4/4
  2209 | D:3      | Found a sparkling altar of Nemelex Xobeh.
  2640 | D:3      | Found a faded altar of an unknown god.
  2762 | D:4      | You fall into a shaft and drop 1 floor!
  2762 | D:5      | Entered Level 5 of the Dungeon
  2851 | D:5      | Reached XP level 5. HP: 30/47 MP: 5/5
  3069 | D:5      | Noticed a water moccasin
  3073 | D:5      | Reached skill level 5 in Axes
  3081 | D:5      | HP: 2/47 [poisoned by a water moccasin]
  3081 | D:5      | Slain by a water moccasin

Illustrated notes

Levels and vault maps discovered:
D:1:      minmay_arrival_doors, layout_basic, serial_rivers,
          chequers_serial_rivers_micro_c, chequers_serial_rivers_small_a,
          chequers_serial_rivers_micro_e, chequers_serial_rivers_room_a,
          chequers_serial_rivers_micro_a, chequers_serial_rivers_small_a,
          serial_bayou_pond_d
D:2:      layout_basic, basic_altar, minivault_23, chequers_serial_rivers_room_a
D:3:      layout_basic, mainiacjoe_overflow_small_starburst,
          dreamdust_ecumenical_altar_grove, minmay_misc_feat_square,
          serial_bayou_lake_a
D:4:      layout_loops_ring, uniq_sigmund
D:5:      layout_basic

Skill      XL: |  1  2  3  4  5 |
---------------+----------------+-----
Axes           | 3 4 5 |  5.0
Fighting       | 4 |  4.6
Armour         | 4 |  4.1
Shields        | 4 |  4.2

Action                     |  1- 3 |  4- 6 || total
---------------------------+-------+-------++-------
  Melee: War axe           |   111 |    76 ||   187
   Stab: Distracted        |     1 |     1 ||     2
 Armour: Scale mail        |    56 |    30 ||    86
  Dodge: Dodged            |    42 |    36 ||    78
  Block: Buckler           |    26 |    23 ||    49

Table legend: (Time is in decaauts)
 A = Elapsed time spent in this place.
 B = Non-inter-level travel time spent in this place.
 C = Inter-level travel time spent in this place.
 D = Time resting spent in this place.
 E = Time spent auto-exploring this place.
 F = Levels seen in this place.
 G = Mean time per level.
                   A        B        C        D        E       F      G
               +--------+--------+--------+--------+--------+-----+--------+
         Total |   3173 |   3173 |      0 |    325 |   2213 |   5 |  634.6 |
       Dungeon |   3173 |   3173 |      0 |    325 |   2213 |   5 |  634.6 |
               +--------+--------+--------+--------+--------+-----+--------+

Top non-repeatable levels by time:
     D:1: 1136 daAuts
     D:3: 896 daAuts
     D:2: 786 daAuts
     D:5: 327 daAuts
     D:4: 27 daAuts
